[Event "Team 45 45 League T26"]
[Site "Internet Chess Club"]
[Date "2005.04.10"]
[Round "4"]
[White "mitdale"]
[Black "jantonio"]
[Result "1/2-1/2"]
[WhiteElo "1692"]
[BlackElo "1662"]
[TimeControl "2700+45"]

1. e4 d6 2. d3 Nf6 3. Nd2 g6 4. Ngf3 Bg7 5. g3 O-O 6. Bg2 c5 7. O-O Nc6 8. c3
Rb8 9. Re1 b5 10. Qe2 Ng4 11. h3 Nge5 12. Nxe5 Nxe5 13. Nf3 Nxf3+ 14. Qxf3 b4
15. Bd2 bxc3 16. Bxc3 e5 17. b3 Bb7 18. Rad1 f6 19. h4 f5 20. Qe2 f4 21. Qg4 Bc8
22. Qg5 Bf6 23. Qh6 fxg3 24. fxg3 Bg4 25. Rd2 Bg7 26. Qe3 Rb7 27. Rf2 Rxf2 28.
Qxf2 Rf7 29. Qe3 Qf8 30. Rf1 Rxf1+ 31. Bxf1 Bh6 32. Qf2 Qxf2+ 33. Kxf2 Bc1 34.
Ba5 Kf7 35. Ke1 Be3 36. b4 Be6 37. a3 Bc1 38. bxc5 dxc5 39. Bc7 Bxa3 40. Bxe5
Bb4+ 41. Kd1 Bb3+ 42. Kc1 a5 43. g4 Ke6 44. Bh8 Kd6 45. h5 gxh5 46. gxh5 Bf7 47.
Be2 Kc6 48. Bg4 a4 49. Bd1 Ba3+ 50. Kb1 Kb5 51. Bg4 Kb4 52. e5 c4 53. dxc4 Bxc4
54. e6 Kb5 55. h6 Bd3+ 56. Ka2 Be7 57. Bg7 Bc4+ 58. Kb2 a3+ 59. Ka1 Bd3 60. Ka2
Bc4+ 61. Ka1 Bd3 62. Bf3 Bf5 63. Bd5 Kc5 64. Bb3 Kd6 65. Ka2 Bxe6 66. Kxa3 Kd7+
67. Kb2 Bxb3 68. Kxb3 Ke6 69. Kc3 Kf5 70. Kd3 Bg5 71. Ke2 Kg4 72. Kf2 Kh5 73.
Kf3 Bxh6 74. Be5 Bg5 75. Kg3 Bd2 76. Kh3 Kg5 77. Bg7 Be1 78. Bf8 h5 79. Bd6 Bd2
{Game drawn by mutual agreement} 1/2-1/2

[Event "Team 45 45 League T26"]
[Site "Internet Chess Club"]
[Date "2005.04.11"]
[Round "4"]
[White "clarinetref"]
[Black "Xidnan"]
[Result "0-1"]
[WhiteElo "1408"]
[BlackElo "1506"]
[TimeControl "2700+45"]

1. Nf3 d5 2. c4 c6 3. Qc2 Nf6 4. d3 Bf5 5. cxd5 cxd5 6. g3 e6 7. Nh4 Bg4 8. Bg2
Nc6 9. a3 Be7 10. Bg5 O-O 11. Qa4 Qa5+ 12. Qxa5 Nxa5 13. Nd2 Rac8 14. h3 Bh5 15.
g4 Bg6 16. Nxg6 fxg6 17. O-O Rc2 18. b4 Nc6 19. Rfc1 Nd4 20. Rxc2 Nxc2 21. Ra2
Nd4 22. e4 Ne2+ 23. Kf1 Nc1 24. Rc2 Nxd3 25. Rc7 Bd8 26. Rxb7 Bb6 27. Be3 Bxe3
28. fxe3 Nxe4+ 29. Ke2 Rf2+ 30. Kxd3 Rxd2# {White checkmated} 0-1

[Event "Team 45 45 League T26"]
[Site "Internet Chess Club"]
[Date "2005.04.08"]
[Round "4"]
[White "Colonel-Klutz"]
[Black "Just-Jim"]
[Result "0-1"]
[WhiteElo "1395"]
[BlackElo "1432"]
[TimeControl "2700+45"]

1. e4 e5 2. Nf3 Nc6 3. c3 Bc5 4. b4 Bb6 5. a4 a6 6. Na3 Nf6 7. d3 h6 8. Nc4 d6
9. Nxb6 cxb6 10. Be3 Bg4 11. b5 axb5 12. axb5 Rxa1 13. Qxa1 Ne7 14. Be2 O-O 15.
Qa7 Qd7 16. Qxb6 Nh5 17. Nxe5 dxe5 18. Bxh6 Bxe2 19. Kxe2 Qg4+ 20. f3 Qxg2+ 21.
Ke3 Qxh1 22. d4 Qe1+ 23. Kd3 Nf4+ 24. Kc4 Rc8+ 25. Kb4 Qxc3+ 26. Ka4 Ra8+ {White
resigns} 0-1

[Event "Team 45 45 League T26"]
[Site "Internet Chess Club"]
[Date "2005.04.12"]
[Round "4"]
[White "GolferBob"]
[Black "ARONOVICH"]
[Result "0-1"]
[WhiteElo "1660"]
[BlackElo "1722"]
[TimeControl "2700+45"]

1. d4 b5 2. Nf3 Nf6 3. Bg5 Bb7 4. e3 a6 5. Nbd2 d5 6. Bd3 Nbd7 7. O-O e6 8. Ne5
Be7 9. Ndf3 O-O 10. c3 Nxe5 11. Nxe5 Ne4 12. Bxe7 Qxe7 13. Qc2 f5 14. f4 Nf6 15.
a3 c5 16. Qe2 c4 17. Bc2 a5 18. Kh1 Ne4 19. Bxe4 dxe4 20. g4 Bc8 21. g5 Bd7 22.
Rg1 g6 23. Rg3 Kg7 24. Rh3 Be8 25. Qf2 Rh8 26. Qh4 Bf7 27. Qf2 h5 28. gxh6+ Rxh6
29. Rxh6 Kxh6 30. Rg1 Kg7 31. Rg5 Rh8 32. Qg3 Qf6 33. Qg2 Rh6 34. Qg3 Kh7 35. h4
Be8 36. Kh2 Kh8 37. Kh3 Qg7 38. Kg2 Qh7 39. Kh3 Kg8 40. Qf2 Kf8 41. Qg3 Ke7 42.
Qe1 Kd6 43. Qg3 Kd5 44. Qe1 Rh5 45. Qg3 Rh6 46. Qe1 Qb7 47. Qg3 Qh7 48. Qe1 b4
49. axb4 axb4 50. cxb4 Bb5 51. Qg3 c3 52. bxc3 Bf1+ 53. Kh2 Rxh4+ 54. Kg1 Rh1+
55. Kf2 Qa7 56. Nf3 Qa2+ {White resigns} 0-1

[Event "Team 45 45 League T26"]
[Site "Internet Chess Club"]
[Date "2005.04.11"]
[Round "4"]
[White "GadsHill"]
[Black "vvsi"]
[Result "0-1"]
[WhiteElo "1549"]
[BlackElo "1629"]
[TimeControl "2700+45"]

1. d4 Nf6 2. c4 Nc6 3. Nc3 e5 4. e3 Bb4 5. a3 exd4 6. exd4 Bxc3+ 7. bxc3 d5 8.
Nf3 Qe7+ 9. Qe2 Ne4 10. Bb2 Be6 11. c5 O-O 12. Qd3 Bf5 13. Be2 Ng3 14. Qe3 Qxe3
15. fxe3 Nxh1 16. O-O-O Nf2 17. Rf1 Nd3+ 18. Bxd3 Bxd3 19. Rf2 Rae8 {White
resigns} 0-1

[Event "Team 45 45 League T26"]
[Site "Internet Chess Club"]
[Date "2005.04.08"]
[Round "4"]
[White "Gardener"]
[Black "Cantemir"]
[Result "0-1"]
[WhiteElo "1572"]
[BlackElo "1645"]
[TimeControl "2700+45"]

1. d4 d5 2. Nf3 e6 3. e3 Nf6 4. c3 Bd6 5. Nbd2 O-O 6. Bd3 Nbd7 7. O-O c5 8. dxc5
Nxc5 9. Bc2 e5 10. Re1 e4 11. Nd4 Ng4 12. f4 Qh4 13. Nf1 Nf2 14. Qe2 Ncd3 15.
Bxd3 Nxd3 16. g3 Qh3 17. Bd2 Bg4 18. Qg2 Qh5 19. h3 Bxh3 20. Qe2 Qg6 21. Reb1 h5
22. Qh2 Qg4 23. b3 h4 24. Ne2 Rfe8 25. c4 Re6 26. cxd5 Rh6 27. Be1 hxg3 {White
forfeits on time} 0-1

[Event "Team 45 45 League T26"]
[Site "Internet Chess Club"]
[Date "2005.04.09"]
[Round "4"]
[White "rgadoury"]
[Black "ChessicStudent"]
[Result "1/2-1/2"]
[WhiteElo "1382"]
[BlackElo "1518"]
[TimeControl "2700+45"]

1. e4 e6 2. f4 d5 3. e5 c5 4. c3 Ne7 5. Nf3 Nf5 6. Be2 d4 7. cxd4 cxd4 8. d3
Bb4+ 9. Kf1 Nc6 10. g4 Nh4 11. h3 b6 12. Nbd2 Bb7 13. Nc4 Ne7 14. Nd6+ Bxd6 15.
exd6 Qxd6 16. Rh2 Rc8 17. Nxh4 Nd5 18. Ng2 g5 19. Bf3 gxf4 20. Bxd5 Bxd5 21.
Nxf4 Bb7 22. Qe2 Rf8 23. Nh5 Bf3 24. Ng7+ Ke7 25. Nf5+ Kd7 26. Nxd6 Bxe2+ 27.
Rxe2 Kxd6 28. Bf4+ Kd7 29. Rc1 f5 30. Rxc8 Kxc8 31. gxf5 Rxf5 32. Re4 e5 33. Ke2
exf4 34. Kf3 Kd7 35. Rxd4+ Ke6 36. Rxf4 Rh5 37. h4 Rd5 38. d4 h5 39. b4 a5 40.
a3 Rb5 41. Re4+ Kd6 42. Kf4 axb4 43. axb4 Rxb4 44. Kf5 Rb5+ 45. Kg6 Rd5 46. Re5
b5 47. Kxh5 b4 48. Kg6 b3 49. Re1 Rxd4 50. h5 b2 51. Rb1 Rd2 52. h6 Rg2+ 53. Kf7
Rf2+ 54. Kg7 Rg2+ 55. Kf7 Rf2+ 56. Kg7 Rg2+ 57. Kf7 {Game drawn by repetition}
1/2-1/2

[Event "Team 45 45 League T26"]
[Site "Internet Chess Club"]
[Date "2005.04.08"]
[Round "4"]
[White "Catalog"]
[Black "softbunney"]
[Result "1-0"]
[WhiteElo "2156"]
[BlackElo "2088"]
[TimeControl "2700+45"]

1. d4 d5 2. c4 c6 3. Nf3 e6 4. Bg5 Nf6 5. e3 Nbd7 6. Bd3 dxc4 7. Bxc4 b5 8. Bd3
Bb7 9. O-O a6 10. Nbd2 c5 11. Rc1 Be7 12. e4 cxd4 13. e5 Nd5 14. Ne4 Bxg5 15.
Nfxg5 Nxe5 16. f4 Nxd3 17. Qxd3 Nf6 18. f5 Nxe4 19. Nxe4 Qd5 20. Rce1 f6 21.
fxe6 O-O 22. Qg3 Qxe6 23. Nxf6+ Qxf6 24. Rxf6 Rxf6 25. Re7 g6 26. Qc7 Rc8 27.
Rg7+ {Black resigns} 1-0

[Event "Team 45 45 League T26"]
[Site "Internet Chess Club"]
[Date "2005.04.09"]
[Round "4"]
[White "Akaineco"]
[Black "EdBorowski"]
[Result "1-0"]
[WhiteElo "2028"]
[BlackElo "2011"]
[TimeControl "2700+45"]

1. e4 c5 2. f4 Nc6 3. Nf3 g6 4. Bb5 Bg7 5. Bxc6 bxc6 6. d3 d6 7. O-O f5 8. Nc3
Nh6 9. Qe1 O-O 10. Rb1 Rb8 11. b3 Ba6 12. Na4 c4 13. Bb2 cxd3 14. c4 d5 15. Bxg7
Kxg7 16. exd5 cxd5 17. Ng5 Bc8 18. Qe5+ Rf6 19. Qxb8 dxc4 20. Qxa7 Ra6 21. Qc5
cxb3 22. axb3 d2 23. Qc3+ Kg8 24. Rbd1 Rd6 25. Rf2 {Black resigns} 1-0

[Event "Team 45 45 League T26"]
[Site "Internet Chess Club"]
[Date "2005.04.10"]
[Round "4"]
[White "Aldos"]
[Black "Zornorph"]
[Result "1-0"]
[WhiteElo "2043"]
[BlackElo "1961"]
[TimeControl "2700+45"]

1. e4 e5 2. Nf3 d6 3. d4 exd4 4. Qxd4 Nc6 5. Bb5 Bd7 6. Qd3 Nf6 7. Nc3 Be7 8.
Bf4 O-O 9. O-O-O Nh5 10. Be3 a6 11. Bc4 b5 12. Bb3 Na5 13. Bd5 c6 14. Bb3 g6 15.
h3 Ng7 16. Bf4 Nb7 17. h4 Ne6 18. Bh6 Re8 19. h5 Nbc5 20. Qd2 Nxb3+ 21. axb3 b4
22. Ne2 Qa5 23. Kb1 Nc5 24. hxg6 fxg6 25. Qd4 Ne6 26. Qe3 Qc5 27. Nfd4 Nxd4 28.
Nxd4 Bf6 29. Bf4 d5 30. e5 Bh8 31. Qg3 Be6 32. Nxe6 Rxe6 33. Rxh7 Kxh7 34. Qh3+
Kg7 35. Qxe6 Rf8 36. Be3 Qb5 37. Rh1 Qb8 38. Bh6+ {Black resigns} 1-0

[Event "Team 45 45 League T26"]
[Site "Internet Chess Club"]
[Date "2005.04.10"]
[Round "4"]
[White "StrayLite"]
[Black "billarvola"]
[Result "1-0"]
[WhiteElo "1963"]
[BlackElo "1973"]
[TimeControl "2700+45"]

1. e4 e5 2. Nf3 Nc6 3. Bb5 a6 4. Ba4 Nf6 5. d3 b5 6. Bb3 Be7 7. c3 d6 8. Nbd2
O-O 9. h3 Na5 10. Bc2 c5 11. O-O Qc7 12. Re1 Nc6 13. Nf1 d5 14. exd5 Nxd5 15.
Qe2 Bd6 16. Bd2 h6 17. Rad1 Be6 18. Bb1 Rae8 19. Ng3 f5 20. Bc1 Qf7 21. Qc2 Nf6
22. b3 Nh5 23. Nf1 Bb8 24. Ba3 Bd6 25. d4 exd4 26. cxd4 Nb4 27. Bxb4 cxb4 28.
Ne3 Rc8 29. Qd2 f4 30. d5 fxe3 31. dxe6 exd2 32. exf7+ Kxf7 33. Rxd2 Bb8 34. g3
Rfd8 35. Rde2 Bd6 36. Ne5+ Kg8 37. Bg6 Nf6 38. Bf7+ Kh7 39. Be6 Rc7 40. Nf7 Rxf7
41. Bxf7 Bf8 42. Kg2 a5 43. Be8 Nd5 44. Bxb5 Nc3 45. Re5 Nxa2 46. Re8 Rxe8 47.
Rxe8 {Black resigns} 1-0

[Event "Team 45 45 League T26"]
[Site "Internet Chess Club"]
[Date "2005.04.11"]
[Round "4"]
[White "DocHoliday"]
[Black "nightflier"]
[Result "0-1"]
[WhiteElo "1900"]
[BlackElo "1902"]
[TimeControl "2700+45"]

1. e4 c6 2. d4 d5 3. Nc3 dxe4 4. Nxe4 Bf5 5. Ng3 Bg6 6. Nf3 Nd7 7. Bc4 e6 8. O-O
Ngf6 9. Re1 Be7 10. Qe2 Nd5 11. c3 O-O 12. Bd2 a5 13. Ne4 Re8 14. Rad1 b5 15.
Bd3 Qc7 16. Neg5 Nf8 17. Ne5 Bxd3 18. Nxd3 Bd6 19. h3 Ng6 20. Qh5 Nf6 21. Qf3 e5
22. dxe5 Nxe5 23. Nxe5 Rxe5 24. Rxe5 Bxe5 25. Be3 Re8 26. Kf1 Nd5 27. Bd4 Bxd4
28. Rxd4 h6 29. Ne4 Qe7 30. Kg1 Qe5 31. g3 b4 32. Rc4 f5 33. Nd2 bxc3 34. bxc3
Re6 35. Nb3 Qe1+ 36. Kg2 Ne3+ 37. fxe3 Rxe3 38. Qxe3 Qxe3 39. Nd4 g5 40. Rxc6 f4
41. gxf4 gxf4 42. Rc8+ Kf7 43. Rc7+ Ke8 44. h4 Qg3+ 45. Kf1 f3 46. Re7+ Kf8 47.
Rg7 Qh3+ 48. Kf2 Kxg7 {White resigns} 0-1

[Event "Team 45 45 League T26"]
[Site "Internet Chess Club"]
[Date "2005.04.15"]
[Round "4"]
[White "nminwalla"]
[Black "PaulKaspar"]
[Result "1-0"]
[WhiteElo "1863"]
[BlackElo "1843"]
[TimeControl "2700+45"]

1. e4 c6 2. d4 d5 3. e5 Bf5 4. h4 h6 5. g4 Be4 6. f3 Bh7 7. e6 fxe6 8. Bd3 Bxd3
9. Qxd3 Nf6 10. Nh3 Kd7 11. Nf4 Qa5+ 12. Nc3 Na6 13. Qe2 Nc7 14. Ng6 Rg8 15. Bf4
Nb5 16. Bd2 Nxd4 17. Qd3 Qb4 18. Ne2 Nxf3+ 19. Qxf3 Qxb2 20. Rc1 Qxa2 21. g5
hxg5 22. hxg5 Rd8 23. gxf6 exf6 24. Nd4 Ba3 25. Rd1 Bc5 26. c3 Bxd4 27. cxd4 Qc2
28. Qg4 Qe4+ 29. Qxe4 dxe4 30. Ke2 f5 31. Bf4 Ke8 32. Ke3 Kf7 33. Ne5+ Kf8 34.
Bg5 Rd6 35. Ra1 a6 36. Rhb1 f4+ 37. Kxf4 Rd5 38. Kxe4 Rb5 39. Rxb5 cxb5 40. Rf1+
Ke8 41. Rf7 Rf8 42. Rxb7 Rf6 43. Bxf6 gxf6 44. Nc6 Kf8 45. Re7 f5+ 46. Ke5
{Black resigns} 1-0

[Event "Team 45 45 League T26"]
[Site "Internet Chess Club"]
[Date "2005.04.09"]
[Round "4"]
[White "Irvin"]
[Black "ears"]
[Result "0-1"]
[WhiteElo "1758"]
[BlackElo "1723"]
[TimeControl "2700+45"]

1. e4 a6 2. d4 g6 3. f4 Bg7 4. Nf3 d6 5. c4 e6 6. Be2 Ne7 7. O-O O-O 8. Nc3 Nd7
9. Qc2 b6 10. b3 c5 11. d5 exd5 12. exd5 Nf6 13. Bb2 Nf5 14. Qd2 Re8 15. Ng5 Nd4
16. Bd3 Bf5 17. Rae1 Bxd3 18. Qxd3 Ra7 19. Nce4 Nxe4 20. Nxe4 Rae7 21. Bc3 Qd7
22. Bd2 Qf5 23. Nf2 Qxd3 24. Nxd3 Rxe1 25. Rxe1 Kf8 26. Kf2 Rxe1 27. Bxe1 Ke8
28. Bc3 h5 29. h3 Bf6 30. g4 hxg4 31. hxg4 Bg7 32. Nb2 Kd7 33. Na4 Kc7 34. Ke3
b5 35. Nb2 Nf5+ 36. gxf5 Bxc3 37. Nd1 Bd4+ 38. Ke4 gxf5+ 39. Kxf5 bxc4 40. bxc4
Kb6 41. Ke4 Ka5 42. Ne3 Bxe3 43. Kxe3 Kb4 44. Kd3 f5 {White resigns} 0-1

[Event "Team 45 45 League T26"]
[Site "Internet Chess Club"]
[Date "2005.04.09"]
[Round "4"]
[White "clarnibass"]
[Black "Aquaman"]
[Result "1/2-1/2"]
[WhiteElo "1713"]
[BlackElo "1700"]
[TimeControl "2700+45"]

1. e4 e5 2. Nf3 d5 3. exd5 Bd6 4. d4 e4 5. Ne5 Nf6 6. Bb5+ Bd7 7. Nxd7 Nbxd7 8.
c4 O-O 9. Nc3 h6 10. Be3 Qc8 11. Bxd7 Qxd7 12. h3 a6 13. O-O b6 14. Qd2 Qe7 15.
Rae1 Nd7 16. Bf4 Nf6 17. f3 Bb4 18. a3 Bxc3 19. Qxc3 Rae8 20. Re2 Qd7 21. Rfe1
exf3 22. Qxf3 a5 23. Bxh6 Rxe2 24. Rxe2 Re8 25. Bg5 Rxe2 26. Qxe2 Nh7 27. Qe7
Qa4 28. Qd8+ Nf8 29. Be7 Qd1+ 30. Kh2 Qxd4 31. Qxf8+ Kh7 32. Qxf7 Qe5+ 33. Kg1
Qe1+ 34. Kh2 Qe5+ 35. Kg1 Qe1+ 36. Qf1 Qxe7 37. Qf5+ Kh8 38. Qc8+ Kh7 39. Qf5+
Kh8 {Game drawn by mutual agreement} 1/2-1/2

[Event "Team 45 45 League T26"]
[Site "Internet Chess Club"]
[Date "2005.04.11"]
[Round "4"]
[White "KaissaXiaolin"]
[Black "GhostMate"]
[Result "0-1"]
[WhiteElo "1648"]
[BlackElo "1669"]
[TimeControl "2700+45"]

1. d4 d5 2. Nc3 Nf6 3. e4 dxe4 4. f3 Bf5 5. g4 Bg6 6. g5 Nd5 7. Nxe4 e6 8. c4
Bb4+ 9. Ke2 Nb6 10. c5 Nd5 11. a3 Bxc5 12. Nxc5 b6 13. Ne4 O-O 14. Kf2 f5 15.
gxf6 Bxe4 16. Bg5 Nxf6 17. Bh3 Qd5 18. Qd2 Bg6 19. Re1 Kh8 20. Kg3 Nh5+ 21. Kg2
Bf5 22. Qe3 Bxh3+ 23. Nxh3 Nc6 24. Nf4 Qxg5+ {White resigns} 0-1

[Event "Team 45 45 League T26"]
[Site "Internet Chess Club"]
[Date "2005.04.12"]
[Round "4"]
[White "fledermaus"]
[Black "Loco-Motif"]
[Result "1-0"]
[WhiteElo "1994"]
[BlackElo "1822"]
[TimeControl "2700+45"]

1. d4 d5 2. c4 e6 3. Nc3 Nf6 4. Bg5 Be7 5. e3 c6 6. Nf3 Nbd7 7. Rc1 O-O 8. Bd3
dxc4 9. Bxc4 b5 10. Bd3 Bb7 11. O-O b4 12. Na4 h6 13. Bxf6 Nxf6 14. Ne5 Rc8 15.
Nc5 Bxc5 16. Rxc5 Nd7 17. Nxd7 Qxd7 18. Qa4 a5 19. Rxa5 Ra8 20. Bb1 Qd6 21. Qc2
g6 22. Rc5 Ra6 23. Qb3 Rb6 24. a4 Ba8 25. Rfc1 Rfb8 26. Bd3 Rc8 27. Be4 Kf8 28.
Qd3 f5 29. Bf3 Rd8 30. a5 Rb5 31. Rxb5 cxb5 32. Bxa8 Rxa8 33. Qxb5 Qa6 34. Qxb4+
{Black forfeits on time} 1-0

[Event "Team 45 45 League T26"]
[Site "Internet Chess Club"]
[Date "2005.04.10"]
[Round "4"]
[White "Wevey"]
[Black "Winclick"]
[Result "1/2-1/2"]
[WhiteElo "1860"]
[BlackElo "1696"]
[TimeControl "2700+45"]

1. e4 c6 2. d4 d5 3. exd5 cxd5 4. g3 Nc6 5. Bg2 g6 6. c3 Bg7 7. Bf4 Nf6 8. Nf3
Bf5 9. Qb3 Qd7 10. Nbd2 O-O 11. Ne5 Nxe5 12. dxe5 Ne4 13. Nxe4 Bxe4 14. Bxe4
dxe4 15. Rd1 Qc6 16. O-O Rad8 17. Rxd8 Rxd8 18. Rd1 Rd3 19. Qc2 Qd5 20. Rxd3
exd3 21. Qd2 Bxe5 22. Bxe5 Qxe5 23. Qxd3 e6 24. Qd8+ Kg7 25. Qd4 Qxd4 26. cxd4
Kf6 27. Kg2 e5 28. dxe5+ Kxe5 29. Kf3 h5 30. Ke3 f5 31. h4 b6 32. b4 a5 33. bxa5
bxa5 {Game drawn by mutual agreement} 1/2-1/2

[Event "Team 45 45 League T26"]
[Site "Internet Chess Club"]
[Date "2005.04.11"]
[Round "4"]
[White "bmw2002"]
[Black "az2112"]
[Result "1-0"]
[WhiteElo "1668"]
[BlackElo "1648"]
[TimeControl "2700+45"]

1. c4 Nf6 2. Nc3 g6 3. g3 Bg7 4. Bg2 O-O 5. Nf3 c5 6. O-O Nc6 7. d3 d5 8. cxd5
Nxd5 9. Qb3 Nc7 10. Rb1 b6 11. Be3 Bb7 12. Qc4 Nd4 13. Bxd4 cxd4 14. Ne4 Rc8 15.
Qa4 a6 16. Rfc1 Nb5 17. Ned2 Qd5 18. Ne1 Qd7 19. Nc4 Qc7 20. Rc2 Bxg2 21. Nxg2
Nc3 22. bxc3 b5 23. Qxa6 bxc4 24. cxd4 Ra8 25. Qxc4 Qxc4 26. Rxc4 Rxa2 27. e3
Rfa8 28. Rbc1 Bf6 29. Kf1 Kg7 30. R4c2 R2a3 31. Rc3 Ra2 32. Nf4 R8a5 33. R1c2
Ra1+ 34. Ke2 e5 35. dxe5 Bxe5 36. d4 Bxf4 37. exf4 Rd5 38. Rd2 Ra6 39. Rc5 Rad6
40. Rxd5 Rxd5 41. Ke3 f5 42. f3 Kf6 43. Rc2 Rd6 44. Rc5 Ke6 45. g4 h6 46. h4 h5
47. Re5+ Kf6 48. gxh5 gxh5 49. Rc5 Ke6 50. Kd3 Ra6 51. d5+ Kd6 52. Kd4 Ra4+ 53.
Rc4 Ra5 54. Rc6+ Ke7 55. Ke5 Ra3 56. Rc7+ Kd8 57. d6 Rxf3 58. Kxf5 Rd3 59. Ke6
Re3+ 60. Kd5 Rd3+ 61. Ke5 Rd1 62. Rc4 Kd7 63. Rc7+ Kd8 64. Rc5 Kd7 65. Rd5 Re1+
66. Kf6 Rf1 67. Kg5 Rf3 68. f5 {Black resigns} 1-0

[Event "Team 45 45 League T26"]
[Site "Internet Chess Club"]
[Date "2005.04.11"]
[Round "4"]
[White "DaveTheRook"]
[Black "Zyme"]
[Result "1-0"]
[WhiteElo "1671"]
[BlackElo "1572"]
[TimeControl "2700+45"]

1. d4 Nf6 2. c4 g6 3. Nc3 Bg7 4. e4 d6 5. f3 O-O 6. Be3 c5 7. dxc5 dxc5 8. Qxd8
Rxd8 9. Bxc5 Nc6 10. Rd1 Be6 11. Nd5 Kf8 12. b3 Rd7 13. Ne2 b6 14. Ba3 Rad8 15.
Nec3 Nxd5 16. Nxd5 a5 17. Be2 Nd4 18. Kf2 Nc2 19. Bxe7+ Rxe7 20. Nxe7 Bd4+ 21.
Rxd4 Nxd4 22. Nd5 Bxd5 23. exd5 Nf5 24. Re1 Nd6 25. Bd3 Kg7 26. Ke3 Re8+ 27. Kd2
Rxe1 28. Kxe1 Kf6 29. Kd2 Ke5 30. Ke3 Kf6 31. a3 Ke7 32. Kd4 f6 33. b4 axb4 34.
axb4 Kd7 35. c5 bxc5+ 36. bxc5 Ne8 37. Bb5+ Kd8 38. Bxe8 Kxe8 39. d6 Kd7 40. Kd5
h6 41. c6+ Kd8 42. Ke6 f5 43. c7+ Kc8 44. Ke7 f4 45. d7+ Kxc7 46. d8=Q+ {Black
resigns} 1-0

[Event "Team 45 45 League T26"]
[Site "Internet Chess Club"]
[Date "2005.04.10"]
[Round "4"]
[White "DeepHmmm"]
[Black "bobhill"]
[Result "1-0"]
[WhiteElo "2218"]
[BlackElo "2012"]
[TimeControl "2700+45"]

1. Nf3 c5 2. g3 Nc6 3. Bg2 Nf6 4. O-O g6 5. d3 Bg7 6. e4 d6 7. Nbd2 O-O 8. a4
Bd7 9. Nc4 Qc8 10. Re1 Bg4 11. c3 Nd7 12. h3 Be6 13. Ne3 Nde5 14. Ng5 h6 15.
Nxe6 fxe6 16. f4 Nf7 17. Rf1 Qd7 18. h4 e5 19. f5 g5 20. Bh3 Bf6 21. Qh5 Qe8 22.
Ng4 gxh4 23. gxh4 Ng5 24. Nxh6+ Kg7 25. Qg4 Kxh6 26. hxg5+ Kh7 27. Qh4+ Kg8 28.
gxf6 Rxf6 29. Kh2 Rf7 30. Rg1+ Rg7 31. Bh6 Rxg1 32. Rxg1+ Kf7 33. Qh5+ Kf6 34.
Bg7# {Black checkmated} 1-0

[Event "Team 45 45 League T26"]
[Site "Internet Chess Club"]
[Date "2005.04.11"]
[Round "4"]
[White "DTK"]
[Black "Neo-Myshkin"]
[Result "1/2-1/2"]
[WhiteElo "1951"]
[BlackElo "1906"]
[TimeControl "2700+45"]

1. e4 e6 2. d4 d5 3. Nc3 Bb4 4. e5 c5 5. a3 Bxc3+ 6. bxc3 Ne7 7. Qg4 Qc7 8. Qxg7
Rg8 9. Qxh7 cxd4 10. Ne2 Nbc6 11. cxd4 Nxd4 12. Ra2 Nxe2 13. Bxe2 Qxe5 14. Bb2
Qg5 15. g3 Qf5 16. Qxf5 Nxf5 17. h4 Ke7 18. g4 Nd6 19. g5 Bd7 20. Bf6+ Kf8 21.
Rb2 Bc6 22. Rh3 Re8 23. Bd3 Ne4 24. Bd4 e5 25. Bxa7 Ra8 26. Bxe4 Rxa7 27. Bf5
Kg7 28. h5 Rd8 29. h6+ Kh8 30. Rbb3 Bd7 31. Bxd7 Rxd7 32. Rb6 Ra6 33. Rxa6 bxa6
34. Re3 Re7 35. f4 e4 36. Rc3 Kh7 37. Ke2 d4 38. Rc4 Rd7 39. Rc6 a5 40. Rc5 f6
41. Rxa5 fxg5 42. fxg5 Kg6 43. Re5 Rc7 44. Rxe4 Rxc2+ 45. Kd3 Rc3+ 46. Kxd4 Rxa3
47. Re5 Ra4+ 48. Ke3 Ra3+ 49. Kf4 Ra4+ 50. Re4 Ra6 51. Re5 Ra4+ 52. Ke3 Ra3+ 53.
Kd4 Ra4+ {Game drawn by mutual agreement} 1/2-1/2

[Event "Team 45 45 League T26"]
[Site "Internet Chess Club"]
[Date "2005.04.07"]
[Round "4"]
[White "Nomad"]
[Black "Beetlejuice"]
[Result "1-0"]
[WhiteElo "1929"]
[BlackElo "1847"]
[TimeControl "2700+45"]

1. e4 e5 2. Nf3 Nf6 3. Nxe5 d6 4. Nf3 Nxe4 5. d4 d5 6. Bd3 Nc6 7. O-O Be7 8. c4
Nb4 9. Be2 O-O 10. Nc3 Be6 11. a3 Nxc3 12. bxc3 Nc6 13. cxd5 Bxd5 14. Re1 Re8
15. Bd3 Bf6 16. Rxe8+ Qxe8 17. Bf4 Qe7 18. Nd2 Na5 19. Qh5 g6 20. Qxd5 Nc6 21.
Nf3 Rd8 22. Qb3 b6 23. Re1 Qf8 24. Bxc7 Rc8 25. Bf4 Na5 26. Qb2 Nc4 27. Bxc4
Rxc4 28. Qb5 Rc8 29. Qd7 Kg7 30. Bd6 Qg8 31. Qxa7 Qd8 32. Bb4 Ra8 33. Qb7 Rb8
34. Qe4 Rc8 35. Ne5 Rc7 36. Ng4 g5 37. Nxf6 Kxf6 38. h4 Kg7 39. hxg5 Rd7 40.
Qe5+ Kg8 41. Qe8+ {Black resigns} 1-0

[Event "Team 45 45 League T26"]
[Site "Internet Chess Club"]
[Date "2005.04.16"]
[Round "4"]
[White "Lug"]
[Black "tourettes"]
[Result "0-1"]
[WhiteElo "1872"]
[BlackElo "1845"]
[TimeControl "2700+45"]

1. e4 c5 2. Nf3 d6 3. Bb5+ Bd7 4. Bxd7+ Nxd7 5. O-O e6 6. Re1 Qc7 7. c3 Ne7 8.
d4 cxd4 9. cxd4 Ng6 10. Nc3 Be7 11. Be3 O-O 12. Rc1 Qb8 13. Qe2 a6 14. Rc2 b5
15. b3 Nb6 16. Rec1 Qb7 17. d5 exd5 18. Bxb6 dxe4 19. Qxe4 Qxb6 20. Nd5 Qd8 21.
Rc6 Bg5 22. Re1 Bf6 23. Nxf6+ Qxf6 24. Qd5 Ne7 {White resigns} 0-1

[Event "Team 45 45 League T26"]
[Site "Internet Chess Club"]
[Date "2005.04.11"]
[Round "4"]
[White "TheWhisper"]
[Black "Ser-Enigma"]
[Result "0-1"]
[WhiteElo "2115"]
[BlackElo "2048"]
[TimeControl "2700+45"]

1. e4 c6 2. d3 d5 3. Nd2 e5 4. Ngf3 Bd6 5. g3 Nf6 6. Bg2 O-O 7. O-O Re8 8. Re1
Nbd7 9. a4 a5 10. c3 dxe4 11. Nxe4 Nxe4 12. dxe4 Nf6 13. Qc2 Bg4 14. Be3 b6 15.
Rad1 Rb8 16. h3 Bxf3 17. Bxf3 h6 18. Qd2 Be7 19. Qxd8 Rexd8 20. Rxd8+ Bxd8 21.
Rd1 Be7 22. Bg2 b5 23. axb5 Rxb5 24. Rd2 Kf8 25. f3 Bc5 26. Kf2 Bxe3+ 27. Kxe3
Ke7 28. Bf1 Rb7 29. Bc4 Nd7 30. f4 exf4+ 31. gxf4 Nc5 32. f5 f6 33. b3 Nxb3 34.
Ra2 Kd6 35. Bxb3 Rxb3 36. Kd4 Rb5 37. c4 c5+ 38. Kc3 Rb1 39. Rxa5 Rh1 40. Ra6+
Ke5 41. Re6+ Kf4 42. Kb3 Rxh3+ 43. Ka4 Re3 44. Kb5 Rxe4 45. Kxc5 Kxf5 46. Rxe4
Kxe4 47. Kd6 f5 48. c5 f4 49. c6 f3 50. c7 f2 51. c8=Q f1=Q 52. Qb7+ Ke3 53.
Qa7+ Kf3 54. Qf7+ Ke2 55. Qc4+ Kf2 56. Qd4+ Kf3 57. Qxg7 Qa6+ 58. Kd5 Qb5+ 59.
Kd6 Qb6+ 60. Kd5 Qb5+ 61. Kd6 Qb4+ 62. Kc6 Qe4+ 63. Kc5 h5 64. Qf7+ Kg4 65. Qg7+
Kh3 66. Qg1 h4 67. Qf1+ Qg2 68. Qf4 Qg1+ 69. Kd5 Qg3 70. Qf5+ Kh2 71. Kd4 h3 72.
Ke4 Qe1+ 73. Kd4 Qb4+ 74. Ke3 Qc3+ 75. Kf2 Qd2+ 76. Kf1 Qg2+ 77. Ke1 Qg3+ 78.
Kf1 Kh1 79. Qe4+ Qg2+ {White resigns} 0-1

[Event "Team 45 45 League T26"]
[Site "Internet Chess Club"]
[Date "2005.04.11"]
[Round "4"]
[White "siddhu"]
[Black "fileman"]
[Result "1-0"]
[WhiteElo "1924"]
[BlackElo "1909"]
[TimeControl "2700+45"]

1. e4 Nc6 2. Nf3 d6 3. d4 Nf6 4. Nc3 Bg4 5. Be3 e6 6. Be2 Be7 7. d5 exd5 8. exd5
Bxf3 9. Bxf3 Ne5 10. Be2 O-O 11. f4 Ned7 12. Qd2 c5 13. O-O-O a6 14. g4 b5 15.
g5 b4 16. Nb1 Ne4 17. Qd3 f5 18. Bf3 Re8 19. Nd2 Nxd2 20. Bxd2 Rf8 21. Rhe1 Nb6
22. h4 Qd7 23. Re6 Bd8 24. Rde1 c4 25. Qd4 Qa4 26. Re7 Bxe7 27. Rxe7 Rf7 28.
Rxf7 Kxf7 29. Qxb6 Re8 30. Qc7+ Re7 31. Qxc4 a5 32. a3 Rb7 33. Qc6 Qxc6 34. dxc6
bxa3 35. cxb7 a2 36. Bd5+ {Black resigns} 1-0

[Event "Team 45 45 League T26"]
[Site "Internet Chess Club"]
[Date "2005.04.11"]
[Round "4"]
[White "LoseOften"]
[Black "Loco-Motif"]
[Result "1-0"]
[WhiteElo "1833"]
[BlackElo "1831"]
[TimeControl "2700+45"]

1. e4 e5 2. f4 exf4 3. Nf3 g5 4. Bc4 Bg7 5. O-O h6 6. d4 d6 7. g3 Bh3 8. Rf2
fxg3 9. hxg3 Bg4 10. Bxf7+ Ke7 11. Nc3 Nf6 12. Bc4 Nc6 13. Be3 Re8 14. Qf1 Kd7
15. e5 Nh5 16. Bb5 a6 17. Ba4 b5 18. Nxb5 axb5 19. Qxb5 Rxa4 20. Qxa4 Qa8 21.
Qc4 Nxg3 22. d5 Nxe5 23. Nxe5+ Bxe5 24. Rf7+ Re7 25. Qxg4+ Ke8 26. Rxe7+ Kxe7
27. Bf2 Qxd5 28. Bxg3 Bxb2 29. Re1+ Be5 30. Bxe5 dxe5 31. Qe4 Qc5+ 32. Qe3 Qxc2
33. Qxe5+ Kd7 34. Qd5+ {Black resigns} 1-0